% Time on Ice - VICTORIA GLADIATORS
Lines # - Real PCT - Wanted PCT - Time Play
Normal Forward
1 - 37% - 36% - 18:46
2 - 32% - 32% - 16:18
3 - 22% - 24% - 11:31
4 - 9% - 8% - 4:46
Normal Defense
1 - 41% - 40% - 20:56
2 - 33% - 35% - 17:07
3 - 26% - 25% - 13:18
4 - 0% - 0% - 0:00
PP Forward
1 - 47% - 52% - 2:47
2 - 53% - 48% - 3:10
PP Defense
1 - 50% - 52% - 2:57
2 - 50% - 48% - 3:00
PK Forward
1 - 0% - 52%
2 - 0% - 48%
PK Defense
1 - 0% - 52%
2 - 0% - 48%
PK3 Forward
1 - 0% - 52%
2 - 0% - 48%
PK3 Defense
1 - 0% - 52%
2 - 0% - 48%
44 Forward
1 - 51% - 52% - 1:22
2 - 49% - 48% - 1:20
44 Defense
1 - 73% - 52% - 1:59
2 - 27% - 48% - 0:43
Last Minute Offensive  - 0:00
Last Minute Defensive  - 0:00
Total
Forward - 60:00
Defense - 60:00
% Time on Ice - SAN DIEGO THUNDER
Lines # - Real PCT - Wanted PCT - Time Play
Normal Forward
1 - 36% - 35% - 18:15
2 - 35% - 34% - 17:47
3 - 27% - 27% - 14:03
4 - 2% - 4% - 1:04
Normal Defense
1 - 36% - 36% - 18:38
2 - 27% - 31% - 13:52
3 - 25% - 18% - 13:02
4 - 11% - 15% - 5:37
PP Forward
1 - 0% - 55%
2 - 0% - 45%
PP Defense
1 - 0% - 55%
2 - 0% - 45%
PK Forward
1 - 55% - 55% - 3:17
2 - 45% - 45% - 2:40
PK Defense
1 - 53% - 55% - 3:09
2 - 47% - 45% - 2:48
PK3 Forward
1 - 0% - 55%
2 - 0% - 45%
PK3 Defense
1 - 0% - 55%
2 - 0% - 45%
44 Forward
1 - 61% - 55% - 1:39
2 - 39% - 45% - 1:03
44 Defense
1 - 38% - 55% - 1:01
2 - 62% - 45% - 1:41
Last Minute Offensive  - 0:00
Last Minute Defensive  - 0:12
Total
Forward - 60:00
Defense - 60:00
Play-by-Play 1st period 0:01 of 1st period - Anze Kopitar wins face-off versus Mark Scheifele in neutral zone. 0:14 of 1st period - Shot by Blake Wheeler. 0:14 of 1st period - Deflect By Anze Kopitar. 0:14 of 1st period - Stopped by Connor Hellebuyck without a rebound. 0:15 of 1st period - Mikael Backlund wins face-off versus Logan Couture in SAN DIEGO THUNDER zone. 0:26 of 1st period - Icing by Jakub Voracek. 0:27 of 1st period - Jean-Gabriel Pageau wins face-off versus Mikael Backlund in VICTORIA GLADIATORS zone. 0:34 of 1st period - Shot by Jean-Gabriel Pageau. 0:34 of 1st period - Goal by Jean-Gabriel Pageau - VICTORIA GLADIATORS : 0 - SAN DIEGO THUNDER : 1. 0:35 of 1st period - Jean-Gabriel Pageau wins face-off versus Johan Larsson in neutral zone. 0:49 of 1st period - Icing by Paul LaDue. 0:50 of 1st period - Logan Couture wins face-off versus Conor Garland in VICTORIA GLADIATORS zone. 1:07 of 1st period - Ilya Mikheyev is hit by Scott Laughton. 1:11 of 1st period - Shot by Logan Couture. 1:11 of 1st period - Stopped by David Rittich without a rebound. 1:12 of 1st period - Anze Kopitar wins face-off versus Mark Scheifele in VICTORIA GLADIATORS zone. 1:12 of 1st period - Anze Kopitar is hit by Evander Kane. 1:31 of 1st period - Shot by Nikita Kucherov. 1:31 of 1st period - Shot Misses the Net. 1:38 of 1st period - Icing by Nikita Zaitsev. 1:39 of 1st period - Anze Kopitar wins face-off versus Ryan Hartman in VICTORIA GLADIATORS zone. 3:50 of 1st period - Shot by Mark Scheifele. 3:50 of 1st period - Shot Misses the Net. 4:11 of 1st period - Shot by Mark Scheifele. 4:11 of 1st period - Goal by Mark Scheifele - VICTORIA GLADIATORS : 0 - SAN DIEGO THUNDER : 2. 4:12 of 1st period - Johan Larsson wins face-off versus Jean-Gabriel Pageau in neutral zone. 4:25 of 1st period - Shot by Scott Laughton. 4:25 of 1st period - Stopped by Connor Hellebuyck without a rebound. 4:26 of 1st period - Mikael Backlund wins face-off versus Logan Couture in SAN DIEGO THUNDER zone. 4:29 of 1st period - Shot by Jakub Voracek. 4:29 of 1st period - Shot Misses the Net. 5:03 of 1st period - Shot by David Perron. 5:03 of 1st period - Shot Misses the Net. 5:05 of 1st period - Shot by Ilya Mikheyev. 5:05 of 1st period - Stopped by David Rittich without a rebound. 5:06 of 1st period - Johan Larsson wins face-off versus Mark Scheifele in VICTORIA GLADIATORS zone. 5:06 of 1st period - Conor Garland is hit by Evander Kane and loses puck. 5:36 of 1st period - Off-side. 5:37 of 1st period - Anze Kopitar wins face-off versus Jean-Gabriel Pageau in neutral zone. 5:40 of 1st period - Erik Johnson is hit by Anze Kopitar and loses puck. 5:51 of 1st period - Shot by Marcus Foligno. 5:51 of 1st period - Stopped by David Rittich with a rebound. 6:07 of 1st period - Shot by Ryan Hartman. 6:07 of 1st period - Shot Misses the Net. 6:33 of 1st period - Shot by Nikita Kucherov. 6:33 of 1st period - Shot Blocked by Blake Wheeler. 6:39 of 1st period - Shot by Mark Scheifele. 6:39 of 1st period - Shot Blocked by Tommy Cross. 6:41 of 1st period - Shot by Connor Murphy. 6:41 of 1st period - Shot Misses the Net. 6:43 of 1st period - Shot by Nikita Kucherov. 6:43 of 1st period - Shot Misses the Net. 6:45 of 1st period - Shot by Mark Scheifele. 6:45 of 1st period - Stopped by David Rittich with a rebound. 6:47 of 1st period - Shot by Evander Kane. 6:47 of 1st period - Shot Blocked by Paul LaDue. 6:49 of 1st period - Shot by Charles McAvoy. 6:49 of 1st period - Stopped by David Rittich with a rebound. 6:51 of 1st period - Shot by Connor Murphy. 6:51 of 1st period - Stopped by David Rittich with a rebound. 6:53 of 1st period - Shot by Charles McAvoy. 6:53 of 1st period - Shot Blocked by Anze Kopitar. 7:11 of 1st period - Shot by Evander Kane. 7:11 of 1st period - Shot Blocked by Anze Kopitar. 7:23 of 1st period - Shot by David Perron. 7:23 of 1st period - Stopped by David Rittich without a rebound. 7:24 of 1st period - Logan Couture wins face-off versus Jared McCann in VICTORIA GLADIATORS zone. 8:33 of 1st period - Minor Penalty to Logan Couture for Hooking. 8:33 of 1st period - Minor Penalty to Nikita Zaitsev for Tripping. 8:34 of 1st period - Mikael Backlund wins face-off versus Mark Scheifele in VICTORIA GLADIATORS zone. 8:43 of 1st period - Shot by Mikael Backlund. 8:43 of 1st period - Stopped by Connor Hellebuyck without a rebound. 8:44 of 1st period - Anze Kopitar wins face-off versus Mark Scheifele in SAN DIEGO THUNDER zone. 9:14 of 1st period - Shot by Nikita Kucherov. 9:14 of 1st period - Deflect By Mark Scheifele. 9:14 of 1st period - Stopped by David Rittich without a rebound. 9:15 of 1st period - Mikael Backlund wins face-off versus Mark Scheifele in VICTORIA GLADIATORS zone. 9:22 of 1st period - Shot by Kyle Connor. 9:22 of 1st period - Shot Misses the Net. 9:24 of 1st period - Shot by Mikael Backlund. 9:24 of 1st period - Shot Misses the Net. 9:26 of 1st period - Shot by Esa Lindell. 9:26 of 1st period - Stopped by Connor Hellebuyck without a rebound. 9:27 of 1st period - Mikael Backlund wins face-off versus David Perron in SAN DIEGO THUNDER zone. 9:43 of 1st period - Shot by Kyle Connor. 9:43 of 1st period - Deflect By Mikael Backlund. 9:43 of 1st period - Stopped by Connor Hellebuyck without a rebound. 9:44 of 1st period - Evander Kane wins face-off versus Anze Kopitar in SAN DIEGO THUNDER zone. 9:57 of 1st period - Shot by David Perron. 9:57 of 1st period - Stopped by David Rittich with a rebound. 10:41 of 1st period - Shot by Jared McCann. 10:41 of 1st period - Shot Misses the Net. 11:05 of 1st period - Shot by Jean-Gabriel Pageau. 11:05 of 1st period - Shot Misses the Net. 11:07 of 1st period - Shot by Ryan Hartman. 11:07 of 1st period - Shot Blocked by Jakub Voracek. 11:22 of 1st period - Icing by Mikael Backlund. 11:23 of 1st period - Mikael Backlund wins face-off versus Mark Scheifele in VICTORIA GLADIATORS zone. 11:40 of 1st period - Icing by Connor Murphy. 11:41 of 1st period - Mark Scheifele wins face-off versus Brad Richardson in SAN DIEGO THUNDER zone. 11:58 of 1st period - Shot by Mark Scheifele. 11:58 of 1st period - Shot Misses the Net. 12:02 of 1st period - Shot by Evander Kane. 12:02 of 1st period - Goal by Evander Kane - VICTORIA GLADIATORS : 0 - SAN DIEGO THUNDER : 3. 12:03 of 1st period - Ilya Mikheyev wins face-off versus Conor Garland in neutral zone. 12:05 of 1st period - Off-side. 12:06 of 1st period - Jean-Gabriel Pageau wins face-off versus Johan Larsson in neutral zone. 12:12 of 1st period - Icing by Johan Larsson. 12:13 of 1st period - Jean-Gabriel Pageau wins face-off versus Johan Larsson in VICTORIA GLADIATORS zone. 12:32 of 1st period - Icing by Esa Lindell. 12:33 of 1st period - Johan Larsson wins face-off versus Mark Scheifele in VICTORIA GLADIATORS zone. 12:33 of 1st period - Johan Larsson is hit by Mark Scheifele. 12:47 of 1st period - Shot by Conor Garland. 12:47 of 1st period - Shot Misses the Net. 12:49 of 1st period - Shot by Esa Lindell. 12:49 of 1st period - Stopped by Connor Hellebuyck without a rebound. 12:50 of 1st period - Anze Kopitar wins face-off versus Logan Couture in SAN DIEGO THUNDER zone. 13:55 of 1st period - Shot by Ryan Hartman. 13:55 of 1st period - Stopped by David Rittich without a rebound. 13:56 of 1st period - Mark Scheifele wins face-off versus Johan Larsson in VICTORIA GLADIATORS zone. 13:59 of 1st period - Shot by Mark Scheifele. 13:59 of 1st period - Shot Misses the Net. 15:52 of 1st period - Jean-Gabriel Pageau is hit by Nick Holden and loses puck. 16:13 of 1st period - Shot by Blake Wheeler. 16:13 of 1st period - Stopped by Connor Hellebuyck without a rebound. 16:14 of 1st period - Brad Richardson wins face-off versus Logan Couture in SAN DIEGO THUNDER zone. 16:14 of 1st period - Brad Richardson is hit by Rasmus Dahlin. 16:20 of 1st period - Shot by Mattias Janmark. 16:20 of 1st period - Deflect By Derek Grant. 16:20 of 1st period - Shot Misses the Net. 16:23 of 1st period - Mattias Janmark is hit by Rasmus Dahlin. 16:25 of 1st period - Shot by Brad Richardson. 16:25 of 1st period - Shot Blocked by Erik Johnson. 17:23 of 1st period - Mark Scheifele is hit by Nick Holden and loses puck. 17:31 of 1st period - Icing by Blake Wheeler. 17:32 of 1st period - Anze Kopitar wins face-off versus Jean-Gabriel Pageau in VICTORIA GLADIATORS zone. 17:45 of 1st period - Shot by Ryan Hartman. 17:45 of 1st period - Shot Blocked by Anze Kopitar. 17:53 of 1st period - Shot by Jean-Gabriel Pageau. 17:53 of 1st period - Shot Misses the Net. 17:57 of 1st period - Shot by Jean-Gabriel Pageau. 17:57 of 1st period - Deflect By Marcus Foligno. 17:57 of 1st period - Shot Blocked by Brady Skjei. 18:45 of 1st period - Shot by Johan Larsson. 18:45 of 1st period - Stopped by Connor Hellebuyck without a rebound. 18:46 of 1st period - Mikael Backlund wins face-off versus Logan Couture in SAN DIEGO THUNDER zone. 18:47 of 1st period - Shot by Jakub Voracek. 18:47 of 1st period - Stopped by Connor Hellebuyck with a rebound. 18:50 of 1st period - Jakub Voracek is hit by Mark Borowiecki and loses puck. 19:07 of 1st period - Shot by Mikael Backlund. 19:07 of 1st period - Stopped by Connor Hellebuyck with a rebound. 19:12 of 1st period - Minor Penalty to Mark Borowiecki for Cross-checking. 19:13 of 1st period - Mikael Backlund wins face-off versus Jean-Gabriel Pageau in SAN DIEGO THUNDER zone. 19:14 of 1st period - Shot by Jakub Voracek. 19:14 of 1st period - Shot Blocked by Connor Murphy. 19:16 of 1st period - Shot by Mikael Backlund. 19:16 of 1st period - Shot Blocked by Connor Murphy. 19:18 of 1st period - Shot by Mikael Backlund. 19:18 of 1st period - Shot Blocked by Connor Murphy. 19:38 of 1st period - Shot by Jakub Voracek. 19:38 of 1st period - Shot Blocked by Charles McAvoy. 19:40 of 1st period - Shot by Mikael Backlund. 19:40 of 1st period - Deflect By Conor Garland. 19:40 of 1st period - Shot Misses the Net. 19:42 of 1st period - Shot by Brady Skjei. 19:42 of 1st period - Stopped by Connor Hellebuyck without a rebound. 19:43 of 1st period - Anze Kopitar wins face-off versus Jean-Gabriel Pageau in SAN DIEGO THUNDER zone. Goals for this period are 0 for VICTORIA GLADIATORS vs 3 for SAN DIEGO THUNDER. Shots for this period are 11 for VICTORIA GLADIATORS vs 13 for SAN DIEGO THUNDER. 2nd period 0:01 of 2nd period - Anze Kopitar wins face-off versus Jean-Gabriel Pageau in neutral zone. 0:26 of 2nd period - Shot by Jakub Voracek. 0:26 of 2nd period - Stopped by Connor Hellebuyck without a rebound. 0:27 of 2nd period - Mikael Backlund wins face-off versus Ryan Hartman in SAN DIEGO THUNDER zone. 0:36 of 2nd period - Shot by Jared McCann. 0:36 of 2nd period - Stopped by Connor Hellebuyck with a rebound. 1:17 of 2nd period - Shot by Nikita Kucherov. 1:17 of 2nd period - Shot Misses the Net. 1:22 of 2nd period - Icing by Esa Lindell. 1:23 of 2nd period - Anze Kopitar wins face-off versus Mark Scheifele in VICTORIA GLADIATORS zone. 1:43 of 2nd period - Shot by Nikita Kucherov. 1:43 of 2nd period - Shot Misses the Net. 1:45 of 2nd period - Shot by Nikita Kucherov. 1:45 of 2nd period - Shot Misses the Net. 1:47 of 2nd period - Shot by Mark Scheifele. 1:47 of 2nd period - Stopped by David Rittich without a rebound. 1:48 of 2nd period - Logan Couture wins face-off versus Brad Richardson in VICTORIA GLADIATORS zone. 1:48 of 2nd period - Logan Couture is hit by Brady Skjei. 1:57 of 2nd period - Shot by David Perron. 1:57 of 2nd period - Stopped by David Rittich without a rebound. 1:58 of 2nd period - Jean-Gabriel Pageau wins face-off versus Mikael Backlund in VICTORIA GLADIATORS zone. 2:05 of 2nd period - Shot by Jean-Gabriel Pageau. 2:05 of 2nd period - Shot Misses the Net. 2:18 of 2nd period - Icing by Nikita Zaitsev. 2:19 of 2nd period - Logan Couture wins face-off versus Mikael Backlund in VICTORIA GLADIATORS zone. 3:18 of 2nd period - Shot by Mark Scheifele. 3:18 of 2nd period - Shot Misses the Net. 3:25 of 2nd period - Icing by Mikael Backlund. 3:26 of 2nd period - Jean-Gabriel Pageau wins face-off versus Jakub Voracek in VICTORIA GLADIATORS zone. 3:54 of 2nd period - Shot by Jean-Gabriel Pageau. 3:54 of 2nd period - Shot Misses the Net. 3:58 of 2nd period - Shot by Jean-Gabriel Pageau. 3:58 of 2nd period - Shot Misses the Net. 4:23 of 2nd period - Shot by Scott Laughton. 4:23 of 2nd period - Shot Misses the Net. 4:30 of 2nd period - Icing by Mark Borowiecki. 4:31 of 2nd period - Anze Kopitar wins face-off versus Mark Scheifele in SAN DIEGO THUNDER zone. 4:48 of 2nd period - Shot by Kyle Connor. 4:48 of 2nd period - Stopped by Connor Hellebuyck without a rebound. 4:49 of 2nd period - Brad Richardson wins face-off versus Logan Couture in SAN DIEGO THUNDER zone. 4:49 of 2nd period - Brad Richardson is hit by Charles McAvoy. 4:59 of 2nd period - Shot by Derek Grant. 4:59 of 2nd period - Stopped by Connor Hellebuyck without a rebound. 5:00 of 2nd period - Mark Scheifele wins face-off versus Anze Kopitar in SAN DIEGO THUNDER zone. 5:28 of 2nd period - Blake Wheeler is hit by Mark Scheifele and loses puck. 6:51 of 2nd period - Shot by Conor Garland. 6:51 of 2nd period - Stopped by Connor Hellebuyck with a rebound. 7:31 of 2nd period - Icing by David Perron. 7:32 of 2nd period - Logan Couture wins face-off versus Brad Richardson in SAN DIEGO THUNDER zone. 8:16 of 2nd period - Shot by Jean-Gabriel Pageau. 8:16 of 2nd period - Shot Misses the Net. 8:18 of 2nd period - Shot by Charles McAvoy. 8:18 of 2nd period - Shot Misses the Net. 8:49 of 2nd period - Minor Penalty to Deryk Engelland for Interference. 8:50 of 2nd period - Anze Kopitar wins face-off versus Jean-Gabriel Pageau in SAN DIEGO THUNDER zone. 9:19 of 2nd period - Shot by Kyle Connor. 9:19 of 2nd period - Shot Misses the Net. 10:01 of 2nd period - Shot by Jared McCann. 10:01 of 2nd period - Shot Misses the Net. 10:03 of 2nd period - Shot by Jared McCann. 10:03 of 2nd period - Shot Misses the Net. 10:05 of 2nd period - Shot by Nick Holden. 10:05 of 2nd period - Deflect By Mikael Backlund. 10:05 of 2nd period - Stopped by Connor Hellebuyck without a rebound. 10:06 of 2nd period - Mikael Backlund wins face-off versus Logan Couture in SAN DIEGO THUNDER zone. 11:13 of 2nd period - Icing by Patrik Nemeth. 11:14 of 2nd period - Anze Kopitar wins face-off versus Mark Scheifele in SAN DIEGO THUNDER zone. 11